 Dungeon Crawl Stone Soup version 0.29.1-15-g9cfb28693d (webtiles) character file.

Game seed: 609994365403410763

154 MacCMillion the Ruffian (level 5, -3/53 HPs)
             Began as a Troll Fighter on Feb 22, 2023.
             Splashed by a jelly's acid (9 damage)
             ... on level 4 of the Dungeon.
             The game lasted 00:02:51 (2290 turns).

MacCMillion the Ruffian (Troll Fighter)             Turns: 2290, Time: 00:02:51

Health: -3/53      AC: -4    Str: 24    XL:     5   Next: 13%
Magic:  4/4        EV:  8    Int:  6    God:
Gold:   184        SH:  7    Dex:  9    Spells: 4/4 levels left

rFire   . . .      SeeInvis .     - Unarmed
rCold   . . .      Faith    .   b - +0 kite shield
rNeg    . . .      Spirit   .   a - +0 robe
rPois   .          Reflect  .   (helmet restricted)
rElec   .          Harm     .   (no cloak)
rCorr   .          Rampage  .   (gloves unavailable)
Will    .....                   (boots unavailable)
Stlth   +.........              (no amulet)
HPRegen 0.97/turn               (no ring)
MPRegen 0.09/turn               (no ring)

@: corroded, studying Long Blades
A: large, unfitting armour, claws 3, regeneration 1, shaggy fur 1, tough skin 1
a: no special abilities


You were on level 4 of the Dungeon.
You visited 1 branch of the dungeon, and saw 4 of its levels.

You collected 184 gold pieces.

Inventory:

Armour
 a - a +0 robe (worn)
 b - a +0 kite shield (worn)
Wands
 m - a wand of flame (27)
Scrolls
 f - 3 scrolls of identify {unknown}
 g - a scroll of brand weapon {unknown}
 h - a scroll of enchant weapon {unknown}
 j - a scroll of teleportation {unknown}
 n - a scroll of blinking {unknown}
 o - a scroll of magic mapping {unknown}
Potions
 c - a potion of might
 d - 3 potions of attraction {unknown}
 e - a potion of curing {unknown}
 i - a potion of heal wounds {unknown}
 k - a potion of berserk rage {unknown}
 l - a potion of lignification {unknown}


   Skills:
 + Level 3.2 Fighting
 - Level 2.4 Dodging
 + Level 3.4 Shields
 * Level 4.0 Unarmed Combat


You had 4 spell levels left.
You didn't know any spells.
Your spell library contained the following spells:

 Spells                   Type           Power      Damage    Failure   Level
 Magic Dart               Conj           0%         1d3       75%         1
 Slow                     Hex            0%         N/A       75%         1
 Call Imp                 Summ           0%         N/A       87%         2
 Confusing Touch          Hex            0%         N/A       98%         3
 Mephitic Cloud           Conj/Pois/Air  0%         N/A       98%         3
 Vampiric Draining        Necr           0%         2d6       98%         3
 Freezing Cloud           Conj/Ice/Air   0%         6-21      100%        5
 Simulacrum               Ice/Necr       0%         N/A       100%        6
 Polar Vortex             Ice            0%         N/A       100%        9


Dungeon Overview and Level Annotations

Branches:
Dungeon (4/15)
 Temple: D:4-7

Altars:


Innate Abilities, Weirdness & Mutations

You are too large for most types of armour.
You have claws for hands.
Your natural rate of healing is unusually fast.
You are covered in fur. (AC +1)
You have tough skin. (AC +1)


Message History

The adder is severely wounded.
The kobold hits you with a +0 short sword.
The adder bites you but does no damage.
The endoplasm hits you but does no damage.
You scratch the adder.
You kill the adder!
The kobold hits you with a +0 short sword.
You scratch the jelly. The acid corrodes you!
Your claws burn!
The jelly is lightly wounded.
The kobold hits you with a +0 short sword.
You scratch the jelly.
Your claws burn!
The jelly is moderately wounded.
The jelly hits you.
You are splashed with acid!
The kobold hits you with a +0 short sword.
The endoplasm closely misses you.
You are too injured to fight recklessly!
You are too injured to fight recklessly!
Unknown command.
You scratch the jelly. The acid corrodes you!
Your claws burn!
The jelly is heavily wounded.
You block the kobold's attack. You block the jelly's attack.
The endoplasm closely misses you.
You claw the jelly!
Your claws burn!
The jelly is almost dead.
The kobold hits you with a +0 short sword.
The jelly barely misses you. The endoplasm hits you.
Unknown command.
The kobold hits you with a +0 short sword.
* * * LOW HITPOINT WARNING * * *
The jelly barely misses you.
You see here an adder corpse.
You scratch the jelly but do no damage.
Your claws burn!
* * * LOW HITPOINT WARNING * * *
The jelly is almost dead.
The kobold hits you with a +0 short sword.
* * * LOW HITPOINT WARNING * * *
The jelly hits you.
* * * LOW HITPOINT WARNING * * *
You are splashed with acid!
You die...

#.... ... . ....
.... .
##..#######.
..~.~ #
...?......≈
.~...##
#....<....~
.~~.... #
#..........
.≈...#.
#...###.KJ.......
≈~≈~≈..
#.......J@(.....♣
#~..K..
#..............~.
...~≈~#
#................
~♣~≈.♣.
#..............~~
~.~..~#
####.....#######~
.≈~ #.....# ..
#.....# . #.....#


You could see a jelly, an endoplasm and a kobold.

Vanquished Creatures
  2 orc wizards
  3 adders
  A worm (D:2)
  6 orcs
  10 endoplasms
  3 giant cockroaches
  7 goblins
  4 hobgoblins
  4 jackals (D:1)
  4 kobolds
  A quokka (D:2)
  8 ball pythons
  4 bats
  7 frilled lizards
  A rat (D:1)
65 creatures vanquished.

Notes
Turn   | Place    | Note
-------+----------+-------------------------------------------
     0 | D:1      | MacCMillion the Troll Fighter began the quest for the Orb.
     0 | D:1      | Reached XP level 1. HP: 22/22 MP: 0/0
    78 | D:1      | Reached XP level 2. HP: 29/29 MP: 1/1
   241 | D:1      | You fall into a shaft and drop 1 floor!
   279 | D:2      | Reached XP level 3. HP: 36/36 MP: 2/2
   442 | D:1      | Found a faded altar of an unknown god.
   538 | D:1      | Reached skill level 3 in Unarmed Combat
  1226 | D:3      | Reached XP level 4. HP: 44/44 MP: 3/3
  2219 | D:4      | Reached skill level 4 in Unarmed Combat
  2219 | D:4      | Reached XP level 5. HP: 19/53 MP: 4/4
  2290 | D:4      | Splashed by a jelly's acid

Illustrated notes

Levels and vault maps discovered:
D:1:      minmay_arrival_solitary_statue, layout_basic,
          dreamdust_ecumenical_altar_hidden_monk_grotto
D:2:      layout_rooms
D:3:      layout_basic
D:4:      layout_basic, chequers_serial_rivers_marsh

Skill      XL: |  1  2  3  4 |
---------------+-------------+-----
Shields        | 3 |  3.4
Unarmed Combat | 3 4 |  4.0
Fighting       | 3 |  3.2
Dodging        | |  2.4

Action                   |  1- 3 |  4- 6 || total
-------------------------+-------+-------++-------
Melee: Unarmed           |   112 |   100 ||   212
Armor: Robe              |    35 |    54 ||    89
Dodge: Dodged            |    34 |    34 ||    68
Block: Kite shield       |    36 |    27 ||    63
